 Dungeon Crawl Stone Soup version 0.17.1-3-g152610e (webtiles) character file.

242 ololoev the Cudgeler (level 5, -8/41 HPs)
             Began as a Mummy Chaos Knight on Apr 28, 2016.
             Mangled by a worker ant (9 damage)
             ... on level 4 of the Dungeon.
             The game lasted 00:05:30 (3330 turns).

ololoev the Cudgeler (Mummy Chaos Knight)           Turns: 3330, Time: 00:05:30

Health: -8/41      AC: 10    Str: 16    XL:     5   Next: 82%
Magic:  0/5        EV:  7    Int: 12    God:    Xom [....*.]
Gold:   119        SH:  0    Dex: 11    Spells: 0 memorised, 4 levels left

rFire  x . .     SeeInvis .     a - +0 mace (chaos)
rCold  + . .     Clarity  .     j - +0 chain mail
rNeg   + + +     SustAt   .     (no shield)
rPois  ∞         Gourm    .     (no helmet)
rElec  .         Spirit   +     (no cloak)
rCorr  .         Warding  .     (no gloves)
rMut   .         Stasis   .     h - +0 pair of boots
MR     .....                    b - amulet of guardian spirit
Stlth  ..........               (no ring)
                                (no ring)

@: not resistant to hostile enchantments, extremely unstealthy
A: no food or potions, fire vulnerability, cold resistance 1, negative energy
resistance 3, torment resistance, unbreathing
a: Renounce Religion


Innate Abilities, Weirdness & Mutations

You do not eat or drink.
Your flesh is vulnerable to fire.
You are immune to poison.
Your flesh is cold resistant.
You are immune to negative energy.
You are immune to unholy pain and torment.
You can survive without breathing.

Inventory:

Hand Weapons
 a - a +0 mace of chaos (weapon)
 l - a +0 whip of freezing
Missiles
 d - 7 needles of frenzy
Armour
 h - a +0 pair of boots (worn)
 j - a +0 chain mail (worn)
 k - a +2 scale mail of fire resistance
Jewellery
 b - an amulet of guardian spirit (around neck)
Scrolls
 c - a scroll of enchant weapon {unknown}
 e - a scroll of teleportation {unknown}
 f - 3 scrolls of remove curse {unknown}
 g - 2 scrolls of enchant armour {unknown}
 i - 2 scrolls of identify {unknown}


   Skills:
 + Level 3.5 Fighting
 * Level 4.4 Maces & Flails
 + Level 3.0 Armour
 - Level 0.7 Dodging


You had 4 spell levels left.
You didn't know any spells.


You were on level 4 of the Dungeon.
You worshipped Xom.
You were a beloved toy of Xom.
You were not hungry.

You visited 1 branch of the dungeon, and saw 4 of its levels.

You collected 119 gold pieces.

..>.....## #
.........## #.
..........##
#.
...........# #
...........#
...........#
........bb.#
.......b..Z##
........5@a#
......bb###b.#
........# #..#
...."..##
#..## .....%.
#...# ......#
#..# # .....
#..# ## #..##
#. #...###.

Notes
Turn   | Place    | Note
--------------------------------------------------------------
     0 | D:1      | ololoev the Mummy Chaos Knight began the quest for the Orb.
     0 | D:1      | Reached XP level 1. HP: 18/18 MP: 1/1
   244 | D:1      | XOM: silly message
   469 | D:1      | Reached XP level 2. HP: 21/24 MP: 2/2
   603 | D:1      | XOM: mild Summ miscast
   836 | D:1      | XOM: harmless Tloc miscast
   867 | D:2      | XOM: divination: detect creatures
  1032 | D:2      | XOM: smoke on damage
  1184 | D:2      | Reached XP level 3. HP: 29/29 MP: 3/3
  1248 | D:2      | XOM: noise
  1255 | D:2      | XOM: divination: detect creatures
  1526 | D:2      | XOM: polymorph giant gecko -> jackal
  1689 | D:3      | Noticed Jessica
  1701 | D:3      | XOM: polymorph jelly -> gnoll
  1704 | D:3      | XOM: swap monsters
  2082 | D:3      | Killed Jessica
  2082 | D:3      | Reached XP level 4. HP: 28/35 MP: 4/4
  2464 | D:3      | XOM: enchant monster (good)
  2469 | D:3      | XOM: butterfly on damage
  2475 | D:3      | XOM: enchant monster (good)
  2490 | D:3      | XOM: fog
  2731 | D:3      | Reached skill level 4 in Maces & Flails
  2797 | D:4      | XOM: god gift: dented beryl amulet {god gift}
  2892 | D:3      | Reached XP level 5. HP: 37/41 MP: 5/5
  2892 | D:3      | XOM: potion effect (agility)
  3241 | D:4      | XOM: summons friendly iron imp
  3317 | D:4      | XOM: polymorph iron imp -> crimson imp
  3328 | D:4      | XOM: butterfly on damage
  3330 | D:4      | HP: 1/41 [worker ant (4)]
  3330 | D:4      | Mangled by a worker ant

Dungeon Overview and Level Annotations

Branches:
Dungeon (4/15)
 Temple: D:4-7

Altars:


Message History

The worker ant barely misses your hound zombie.
Your crimson imp hits the worker ant.
You closely miss the worker ant.
The worker ant is lightly wounded.
The worker ant bites you but does no damage.
Your hound zombie barely misses the worker ant.
The worker ant bites you but does no damage.
Your crimson imp blinks!
Your hound zombie barely misses the worker ant.
You sock the worker ant!
Space bends around the worker ant.
The worker ant is heavily wounded.
The worker ant barely misses you. The worker ant bites you.
Your hound zombie misses the worker ant.
Unknown command.
You closely miss the worker ant.
The worker ant is heavily wounded.
The worker ant barely misses you.
Your hound zombie closely misses the worker ant.
The worker ant bites you.
Your hound zombie barely misses the worker ant.
You hit the worker ant.
The worker ant is severely wounded.
The worker ant bites you. x2
Your hound zombie bites the worker ant but does no damage.
The worker ant bites you!
A shower of butterflies erupts from you!
Unknown command.
Your chain mail prevents you from hitting the worker ant.
The worker ant is severely wounded.
Your hound zombie barely misses the worker ant.
The worker ant bites you but does no damage.
Your hound zombie barely misses the worker ant.
The worker ant bites you.
Unknown command.
You hit the worker ant.
The worker ant is severely wounded.
The worker ant bites you.
Your hound zombie bites the worker ant but does no damage.
The worker ant bites you!
You die...

You could see a worker ant (berserk), a friendly crimson imp and a friendly hound zombie.

Vanquished Creatures
  A hound (D:4)
  2 orc priests (D:3)
  Jessica (D:3)
  A worker ant (D:4)
  A gnoll (D:3)
  An adder (D:3)
  An ooze (D:2)
  4 worms
  3 giant geckos
  5 orcs
  7 bats
  2 giant cockroaches (D:3)
  7 hobgoblins
  5 jackals
  10 kobolds
  2 ball pythons
  A ball python skeleton (D:4)
  6 giant newts
  8 goblins
  9 rats
77 creatures vanquished.

Vanquished Creatures (collateral kills)
  2 jackals (D:4)
  A rat (D:3)
3 creatures vanquished.

Vanquished Creatures (others)
  An orc (D:3)
1 creature vanquished.

Grand Total: 81 creatures vanquished

Action                   |  1- 3 |  4- 6 || total
-------------------------+-------+-------++-------
Melee: Mace              |   138 |   133 ||   271

Vault maps used:
D:1:      minmay_arrival_loop
D:3:      kennysheep_pointless_box, uniq_jessica
D:4:      corexii_corridor_pit, minmay_misc_feat_iff, minmay_fountain_box,
          uniq_eustachio
